 Dungeon Crawl Stone Soup version 0.21.1-1-g345015fe64 (webtiles) character file.

21944 Gedi the Cleaver (level 12, -1/107 HPs)
             Began as a Minotaur Abyssal Knight on June 15, 2018.
             Was a High Priest of Lugonu.
             Slain by an orc knight
             ... wielding a +0 great mace
              (38 damage)
             ... on level 1 of the Orcish Mines.
             The game lasted 00:58:01 (16999 turns).

Gedi the Cleaver (Minotaur Abyssal Knight)         Turns: 16999, Time: 00:58:01

Health: -1/107     AC: 23    Str: 25    XL:     12   Next: 58%
Magic:  0/16       EV:  9    Int:  9    God:    Lugonu [*****.]
Gold:   1287       SH: 12    Dex: 12    Spells: 11/11 levels left

rFire    + . .     SeeInvis +   x - +2 war axe (freeze)
rCold    . . .     Gourm    .   f - +0 shield
rNeg     . . .     Faith    +   t - +2 plate armour
rPois    .         Spirit   .   (helmet restricted)
rElec    .         Reflect  .   w - +0 cloak
rCorr    .         Harm     .   m - +1 pair of gloves
MR       .....                  h - +0 pair of boots
Stlth    ..........             i - amulet of faith
HPRegen  0.27/turn              j - +3 ring of strength
MPRegen  0.15/turn              a - ring of see invisible

@: no status effects
A: retaliatory headbutt, horns 2, repulsion field 1, fire resistance 1, strong 1
a: Depart the Abyss, Bend Space, Banish, Corrupt, Enter the Abyss, Renounce
Religion


You were on level 1 of the Orcish Mines.
You worshipped Lugonu.
Lugonu was extremely pleased with you.
You were near starving.

You visited 3 branches of the dungeon, and saw 14 of its levels.
You visited the Abyss 1 time.

You collected 1521 gold pieces.
You spent 234 gold pieces at shops.

Inventory:

Hand Weapons
 x - a +2 war axe of freezing (weapon)
Armour
 f - a +0 shield (worn)
 h - a +0 pair of boots (worn)
 m - a +1 pair of gloves (worn)
 t - a +2 plate armour (worn)
 w - a +0 cloak (worn)
Jewellery
 a - a ring of see invisible (right hand)
 i - an amulet of faith (around neck)
 j - a +3 ring of strength (left hand)
 s - a +3 ring of strength
 z - a +3 amulet of reflection
 E - an uncursed ring of resist corrosion
Wands
 b - a wand of paralysis (18)
 p - a wand of enslavement (11)
 r - a wand of flame (84)
 v - a wand of random effects (51)
Scrolls
 e - 2 scrolls of teleportation
 g - 8 scrolls of remove curse
 k - 4 scrolls of amnesia
 q - 2 scrolls of fog
Potions
 d - a potion of haste
 l - 2 potions of brilliance
 o - a potion of lignification
 u - 3 potions of curing
Miscellaneous
 B - a box of beasts
Comestibles
 c - 24 rations


   Skills:
 * Level 10.4 Fighting
 * Level 14.7 Axes
 * Level 12.4 Armour
 - Level 1.1 Dodging
 - Level 0.1 Stealth
 * Level 9.9 Shields
 - Level 7.0 Invocations


You had 11 spell levels left.
You didn't know any spells.

Dungeon Overview and Level Annotations

Branches:
Dungeon (11/15)            Temple (0/1) D:4            Lair (1/6) D:10
    Orc (2/2) D:11            Elf (0/3) Orc:2

Altars:
Elyvilon
Fedhas
Hepliaklqana
Kikubaaqudgha
Makhleb
Nemelex Xobeh
Okawaru
Qazlal
Ru
Trog
Vehumet
Xom
Yredelemnul
Beogh

Shops:
D:5 }   D:7 :   D:9 [   D:10 *   Orc:2 ([*:

Annotations:
D:6 corrupted
D:8 corrupted


Innate Abilities, Weirdness & Mutations

You reflexively headbutt those who attack you in melee.
You have a pair of horns on your head.
You are surrounded by a mild repulsion field. (EV +2)
Your flesh is heat resistant. (rF+)
Your muscles are strong. (Str +2)


Message History

The orc knight hits you with a great mace!!
There isn't anything here!
Press: ? - help, Shift-Dir - straight line, f - orc knight
Aim: an orc knight, wielding a great mace and wearing a plate armour (moderately wounded, unusually strong, chance to defeat MR: 71%)
The orc knight struggles to resist.
You feel somewhat more hungry. You block the orc knight's attack.
Press: ? - help, Shift-Dir - straight line, f/p - orc knight
Aim: an orc knight, wielding a great mace and wearing a plate armour (moderately wounded, unusually strong, chance to defeat MR: 71%)
The orc knight struggles to resist.
You are feeling very hungry.
Press: ? - help, Shift-Dir - straight line, f/p - orc knight
Aim: an orc knight, wielding a great mace and wearing a plate armour (moderately wounded, unusually strong, chance to defeat MR: 71%)
The orc knight struggles to resist.
You feel somewhat more hungry.
The orc knight hits you with a great mace!
Press: ? - help, Shift-Dir - straight line, f/p - orc knight
Aim: an orc knight, wielding a great mace and wearing a plate armour (moderately wounded, unusually strong, chance to defeat MR: 71%)
The orc knight struggles to resist.
You are near starving!
The orc knight hits you with a great mace!!!
You die...

####......#.###..........#...#
##...........#...#......###.##
#........##)###.#......##.###
##.......###.####..........# ###
.........# #...#...#.......####.#
....#....# ##........#......##...
....#########..#.............#...
.##### #...###...#..............
..'..## #...# ##@#####(..........
..##..####'## ##o.###o).........
..###..##..# #....#.<[.........
..####....## ##......[.....#...
.....###### ##.......#.[.[...
.......# ##......##.[>....
##.....# ##.....##...[[[...
#####.## ###.....##.......... ###
##.##.######........#


You could see an orc knight.

Vanquished Creatures
  3 orc high priests
  3 death yaks
  The ghost of skydrei the Basher, a novice VSFi of Elyvilon (D:10)
  An unseen horror (D:11)
  3 orc knights
  3 orc sorcerers
  An oklob plant (Orc:1)
  An ugly thing (D:11)
  A cyclops (Orc:1)
  The ghost of MaLoDaKoLa the Cleaver, a novice MiBe of Trog (D:5)
  A gargoyle (D:10)
  A centaur skeleton (D:10)
  The ghost of shachar58 the Skirmisher, an amateur MiAK of Lugonu (D:4)
  4 trolls
  A hippogriff (D:9)
  Sigmund (D:2)
  A wyvern (D:10)
  A spriggan (D:11)
  13 yaks
  A steam dragon (D:9)
  A basilisk (Lair:1)
  A hungry ghost (D:10)
  6 wargs
  2 water moccasins
  Duvessa (D:4)
  2 porcupines (Lair:1)
  24 orc warriors
  3 sky beasts
  2 ice beasts
  4 phantoms
  2 black bears
  Purgy (D:3)
  A necrophage (D:9)
  13 ogres
  3 centaurs
  A wolf (Lair:1)
  A crocodile (Lair:1)
  A big kobold (D:11)
  8 bullfrogs
  Dowan (D:4)
  4 scorpions
  4 howler monkeys
  3 electric eels
  A bullfrog zombie (D:9)
  A centaur zombie (D:5)
  3 crimson imps
  3 jellies
  7 orc priests
  5 hounds
  15 orc wizards
  3 bullfrog skeletons
  2 iguanas
  11 worker ants
  A hound zombie (D:6)
  Robin (D:3)
  A howler monkey zombie (D:8)
  2 worker ant zombies
  15 adders
  A shadow imp (D:9)
  3 oozes
  4 adder skeletons
  2 adder zombies
  3 worms
  5 dart slugs
  3 leopard geckos
  45 orcs
  8 bats
  4 giant cockroaches
  16 goblins
  17 hobgoblins
  9 jackals
  8 quokkas
  4 frilled lizards
  10 kobolds
  A quokka skeleton (D:7)
  A quokka zombie (D:9)
  12 rats
359 creatures vanquished.

Vanquished Creatures (others)
  The ghost of Gedi the Cleaver, a novice MiAK of Lugonu (D:8)
  A hungry ghost (D:8)
  An ogre (D:8)
  3 bullfrogs (D:8)
  A howler monkey (D:8)
  A jelly (D:8)
  A crimson imp (D:8)
  An orc priest (D:8)
  An iguana (D:8)
  A shadow imp (D:8)
  A giant cockroach (D:8)
  A quokka (D:8)
  A fungus (Orc:2)
  A plant (Lair:1)
16 creatures vanquished.

Grand Total: 375 creatures vanquished

Notes
Turn   | Place    | Note
-------+----------+-------------------------------------------
     0 | Abyss:1  | Gedi the Minotaur Abyssal Knight began the quest for the Orb.
     0 | Abyss:1  | Reached XP level 1. HP: 19/19 MP: 1/1
    40 | Abyss:1  | Noticed a ynoxinul
    43 | Abyss:1  | Noticed a small abomination
    45 | Abyss:1  | Noticed a small abomination
    47 | D:1      | Escaped the Abyss
   374 | D:1      | Reached * piety under Lugonu
   417 | D:1      | Reached XP level 2. HP: 6/27 MP: 2/2
   958 | D:1      | Reached XP level 3. HP: 34/34 MP: 3/3
  1085 | D:2      | Reached skill level 1 in Shields
  1155 | D:2      | Reached skill level 3 in Axes
  1270 | D:2      | Reached XP level 4. HP: 36/41 MP: 4/4
  1299 | D:2      | Found a sparkling altar of Nemelex Xobeh.
  1404 | D:2      | Reached ** piety under Lugonu
  1524 | D:2      | Noticed Sigmund
  1534 | D:2      | Killed Sigmund
  1534 | D:2      | Reached skill level 5 in Fighting
  1534 | D:2      | Reached skill level 5 in Axes
  1534 | D:2      | Reached XP level 5. HP: 32/48 MP: 5/5
  1534 | D:2      | Reached XP level 6. HP: 37/56 MP: 6/6
  1785 | D:3      | Noticed Robin
  1800 | D:3      | Killed Robin
  1968 | D:3      | Noticed Purgy
  1973 | D:3      | Killed Purgy
  1973 | D:3      | Reached skill level 6 in Axes
  2007 | D:3      | Reached *** piety under Lugonu
  2072 | D:3      | Reached XP level 7. HP: 61/61 MP: 8/8
  2391 | D:3      | Gained mutation: Your spells are a little harder to cast, but a little more powerful. [potion of mutation]
  2391 | D:3      | Gained mutation: Your flesh is heat resistant. (rF+) [potion of mutation]
  2396 | D:3      | Lost mutation: Your flesh is heat resistant. (rF+) [potion of mutation]
  2396 | D:3      | Lost mutation: Your spells are a little harder to cast, but a little more powerful. [potion of mutation]
  2396 | D:3      | Gained mutation: You are partially covered in molten scales. (AC +2) [potion of mutation]
  2396 | D:3      | Gained mutation: Your mind is acute. (Int +2) [potion of mutation]
  2396 | D:3      | Lost mutation: You are partially covered in molten scales. (AC +2) [potion of mutation]
  2396 | D:3      | Gained mutation: You are surrounded by a mild repulsion field. (EV +2) [potion of mutation]
  2539 | D:4      | Noticed Duvessa
  2540 | D:4      | Noticed Dowan
  2545 | D:4      | Noticed shachar58's ghost (amateur MiAK)
  2555 | D:4      | Killed Duvessa
  2564 | D:4      | Reached skill level 7 in Axes
  2571 | D:4      | Killed Dowan
  2571 | D:4      | Reached skill level 5 in Armour
  2576 | D:4      | Killed shachar58's ghost
  2652 | D:4      | Reached XP level 8. HP: 62/69 MP: 9/9
  2761 | D:4      | Reached skill level 8 in Axes
  2811 | D:4      | Found a staircase to the Ecumenical Temple.
  2897 | D:4      | Reached **** piety under Lugonu
  3393 | D:5      | Entered Level 5 of the Dungeon
  3395 | D:5      | Noticed MaLoDaKoLa's ghost (novice MiBe)
  3879 | D:5      | Found Pogaudiu's Gadget Shop.
  3906 | D:5      | Found a bloodstained altar of Trog.
  3942 | D:5      | Found a blossoming altar of Fedhas.
  3969 | D:5      | Reached skill level 9 in Axes
  4010 | D:5      | Killed MaLoDaKoLa's ghost
  4010 | D:5      | Reached XP level 9. HP: 62/75 MP: 9/11
  4217 | D:5      | Found an ancient bone altar of Kikubaaqudgha.
  4439 | D:5      | Found the +2 Maxwell's thermic engine {flame, freeze, rF- rC-}
  5152 | D:6      | Found a radiant altar of Vehumet.
  5218 | D:6      | Reached skill level 5 in Shields
  5256 | D:6      | Reached skill level 10 in Axes
  5646 | D:6      | Corrupted D:6
  5646 | D:6      | Noticed a smoke demon
  5646 | D:6      | Noticed an orange demon
  5646 | D:6      | Noticed a starcursed mass
  5649 | D:6      | Noticed a worldbinder
  5799 | D:7      | Found Maufuh's Book Shop.
  6216 | D:8      | Noticed Gedi's ghost (novice MiAK)
  6217 | D:8      | Corrupted D:8
  6217 | D:8      | Noticed a starcursed mass
  6217 | D:8      | Noticed a starcursed mass
  6217 | D:8      | Noticed a bone dragon
  6217 | D:8      | Noticed a large abomination
  6217 | D:8      | Noticed an Executioner
  6217 | D:8      | Noticed a smoke demon
  6217 | D:8      | Noticed a large abomination
  6218 | D:8      | Noticed an orange demon
  6219 | D:8      | Noticed a demonic crawler
  6219 | D:8      | Noticed a tentacled starspawn
  6219 | D:8      | Noticed a spatial maelstrom
  6220 | D:8      | Noticed an apocalypse crab
  6220 | D:8      | Killed Gedi's ghost
  6224 | D:8      | Noticed a shining eye
  6227 | D:8      | Noticed a sun demon
  6230 | D:8      | Noticed a tentacled starspawn
  6489 | D:8      | Noticed a troll
  6500 | D:8      | Killed a troll
  6636 | D:8      | Reached XP level 10. HP: 86/86 MP: 12/12
  6724 | D:8      | Found a sparkling altar of Nemelex Xobeh.
  6923 | D:8      | Found a white marble altar of Elyvilon.
  6926 | D:8      | Found a sacrificial altar of Ru.
  6929 | D:8      | Found a burning altar of Makhleb.
  6940 | D:8      | Found a basalt altar of Yredelemnul.
  6972 | D:8      | Reached skill level 11 in Axes
  7028 | D:9      | Found Igylas's Antique Armour Emporium.
  7131 | D:9      | Reached skill level 5 in Invocations
  7193 | D:9      | Found a stormy altar of Qazlal.
  7217 | D:9      | Found a hazy altar of Hepliaklqana.
  7747 | D:9      | Found an iron altar of Okawaru.
  7934 | D:9      | Found a shimmering altar of Xom.
  7955 | D:10     | Entered Level 10 of the Dungeon
  7955 | D:10     | Noticed a gargoyle
  7975 | D:10     | Killed a gargoyle
  8122 | D:10     | Noticed a death yak
  8136 | D:10     | Killed a death yak
  8225 | D:10     | Got a scorched rapier
  8280 | D:10     | Noticed skydrei's ghost (novice VSFi)
  8577 | D:10     | Killed skydrei's ghost
  8577 | D:10     | Reached skill level 10 in Armour
  8636 | D:10     | Found Roikua's General Store.
  8802 | D:10     | Reached skill level 12 in Axes
  8809 | D:10     | Found a staircase to the Lair.
  8809 | D:10     | Noticed a death yak
  8811 | D:10     | Noticed a death yak
  8844 | D:9      | Killed a death yak
  9042 | D:9      | Reached XP level 11. HP: 60/94 MP: 14/14
  9055 | D:9      | Killed a death yak
  9152 | D:10     | Lost mutation: Your mind is acute. (Int +2) [potion of mutation]
  9152 | D:10     | Gained mutation: Your muscles are strong. (Str +2) [potion of mutation]
  9152 | D:10     | Gained mutation: Your flesh is heat resistant. (rF+) [potion of mutation]
  9155 | D:10     | Bought a scroll of immolation for 42 gold pieces
  9581 | Lair:1   | Entered Level 1 of the Lair of Beasts
 10130 | Lair:1   | Reached skill level 13 in Axes
 11219 | D:11     | Found a staircase to the Orcish Mines.
 11393 | D:11     | Noticed an unseen horror
 11407 | D:11     | Killed an unseen horror
 11536 | D:11     | Noticed a white ugly thing
 11552 | D:11     | Killed a white ugly thing
 12248 | Orc:1    | Entered Level 1 of the Orcish Mines
 12259 | D:11     | Reached ***** piety under Lugonu
 12564 | Orc:1    | Noticed an orc sorcerer
 12570 | Orc:1    | Paralysed by an orc sorcerer for 5 turns
 12579 | Orc:1    | Noticed a soul eater
 12580 | Orc:1    | Noticed a soul eater
 12580 | Orc:1    | Killed an orc sorcerer
 13075 | Orc:1    | Noticed an oklob plant
 13483 | Orc:1    | Noticed an orc knight
 13504 | Orc:1    | Killed an orc knight
 13504 | Orc:1    | Reached XP level 12. HP: 28/105 MP: 16/16
 14373 | Orc:2    | Entered Level 2 of the Orcish Mines
 14373 | Orc:2    | Found a staircase to the Elven Halls.
 14373 | Orc:2    | Found Ohomuyn's Antique Weapon Shoppe.
 14373 | Orc:2    | Noticed an orc high priest
 14373 | Orc:2    | Noticed an orc high priest
 14556 | Orc:1    | Killed an orc high priest
 14556 | Orc:1    | Reached skill level 14 in Axes
 14597 | Orc:2    | Killed an orc high priest
 14656 | Orc:2    | Noticed an orc high priest
 15302 | Orc:2    | Killed an orc high priest
 15302 | Orc:2    | Reached skill level 10 in Fighting
 15436 | Orc:2    | Found Bovvatow's Antique Armour Shoppe.
 15453 | Orc:2    | Bought a cloak for 112 gold pieces
 15914 | Orc:2    | Paralysed by an orc sorcerer for 2 turns
 16147 | Orc:2    | Found a roughly hewn altar of Beogh.
 16553 | Orc:2    | Found Zyta's General Store.
 16561 | Orc:2    | Bought a potion of heal wounds for 80 gold pieces
 16584 | Orc:2    | Noticed an orc warlord
 16585 | Orc:2    | Found Luxkiwuk's Book Boutique.
 16585 | Orc:2    | Noticed an orc high priest
 16999 | Orc:1    | Slain by an orc knight

Skill      XL: |  1  2  3  4  5  6  7  8  9 10 11 12 |
---------------+-------------------------------------+-----
Fighting       | 4 5 6 7 8 9 10 | 10.4
Shields        | 1 2 3 4 6 7 9 |  9.9
Armour         | 3 4 5 7 8 10 11 12 | 12.4
Invocations    | 2 3 4 5 6 7 |  7.0
Axes           | 3 5 6 7 9 10 12 13 14 | 14.7
Dodging        | |  1.1
Stealth        | |  0.1

Action                   |  1- 3 |  4- 6 |  7- 9 | 10-12 || total
-------------------------+-------+-------+-------+-------++-------
Melee: Hand axe          |    80 |   117 |   320 |   151 ||   668
       Headbutt          |    10 |    17 |    51 |   175 ||   253
       War axe           |       |       |       |   583 ||   583
Invok: Depart the Abyss  |     1 |       |       |       ||     1
       Corrupt           |       |       |     2 |       ||     2
       Bend Space        |       |       |       |     2 ||     2
       Banish            |       |       |       |     4 ||     4
Evoke: Wand              |       |       |     1 |       ||     1
       Phantom mirror    |       |       |       |     1 ||     1
  Use: Scroll            |       |       |     9 |    20 ||    29
       Potion            |       |       |     7 |     9 ||    16
  Eat: Chunk             |     1 |     3 |    12 |    17 ||    33
       Ration            |       |       |     1 |     5 ||     6
Armor: Leather armour    |     9 |       |       |       ||     9
       Chain mail        |    43 |    67 |    67 |       ||   177
       Plate armour      |       |       |    52 |   269 ||   321
Dodge: Dodged            |    33 |    15 |    62 |   122 ||   232
Block: Shield            |    30 |    40 |    99 |   283 ||   452
